 Dungeon Crawl Stone Soup version 0.32-a0-132-g2d33c3cfaf (webtiles) character file.

Game seed: 6357924988375432747

8720 SmokeWeed the Grappler (level 11, -2/111 HPs)
             Began as a Troll Gladiator on Feb 9, 2024.
             Was a Priest of Dithmenos.
             Slain by an orc warrior
             ... wielding a +0 mace of holy wrath
              (6 damage)
             ... on level 10 of the Dungeon.
             The game lasted 00:26:48 (8708 turns).

SmokeWeed the Grappler (Troll Gladiator)            Turns: 8708, Time: 00:26:50

Health: -2/111     AC:  8    Str: 36    XL:     11   Next: 13%
Magic:  12/13      EV: 11    Int:  6    God:    Dithmenos [***...]
Gold:   509        SH:  0    Dex: 11    Spells: 12/15 levels left

rFire   + . .        R - +6 short sword of Ruination {freeze, *Slow rElec rF+ Str+4}
rCold   . . .        (no shield)
rNeg    . . .        Q - +0 acid dragon scales
rPois   .            b - +0 hat
rElec   +            (no cloak)
rCorr   +            (gloves unavailable)
SInv    .            (boots unavailable)
Will    +....        h - amulet of the acrobat
Stlth   ++           n - ring of willpower
HPRegen 1.18/turn    F - +6 ring of strength
MPRegen 0.13/turn

%: slow self (1%), acrobat
@: wreathed by umbra
A: large, unfitting armour, claws 3, regeneration 1, shaggy fur 1, tough skin 1
a: Renounce Religion, Shadow Step


You were on level 10 of the Dungeon.
You worshipped Dithmenos.
Dithmenos was most pleased with you.
You visited 2 branches of the dungeon, and saw 12 of its levels.

You collected 509 gold pieces.

Inventory:

Hand Weapons
 w - a +4 war axe
 z - a +4 war axe of freezing
 A - a +3 great sword
 C - a +3 morningstar
 E - a +2 scimitar
 O - a +2 whip of flaming
 R - the +6 short sword of Ruination (weapon) {freeze, *Slow rElec rF+ Str+4}
   (You found it on level 10 of the Dungeon)

   Str+4:     It affects your strength (+4).
   rF+:       It protects you from fire.
   rElec:     It insulates you from electricity.
   *Slow:     It may slow you when you take damage.
Missiles
 c - 3 throwing nets
 d - a large rock
 m - 5 javelins
 N - a curare-tipped dart
Armour
 a - a +0 robe
 b - a +0 hat (worn)
 p - the +5 robe of Misfortune {Harm *Corrode *Slow EV+5}
   (You found it on level 4 of the Dungeon)

   EV+5:      It affects your evasion (+5).
   *Corrode:  It may corrode you when you take damage.
   *Slow:     It may slow you when you take damage.
   Harm:      It increases damage dealt and taken.
 D - a +0 robe of willpower
 L - +0 steam dragon scales
 Q - +0 acid dragon scales (worn)
 T - +0 acid dragon scales
Jewellery
 h - an amulet of the acrobat (around neck)
 n - a ring of willpower (left claw)
 r - a ring of fire
 v - a ring of resist corrosion
 F - a +6 ring of strength (right claw)
 G - an amulet of regeneration
 K - a ring of fire
Wands
 I - a wand of flame (29)
 M - a wand of charming (20)
Scrolls
 g - 2 scrolls of amnesia
 l - 2 scrolls of revelation
 t - 6 scrolls of teleportation
 u - a scroll of poison
 y - a scroll of torment
 B - a scroll of enchant weapon
 H - a scroll of identify
Potions
 e - a potion of invisibility
 f - 3 potions of heal wounds
 i - 2 potions of degeneration
 j - a potion of resistance
 k - 4 potions of curing
 o - 3 potions of attraction
 q - 2 potions of cancellation
 s - a potion of mutation
 x - a potion of lignification
 J - 2 potions of brilliance
 P - 2 potions of ambrosia
 S - 2 potions of enlightenment {unknown}


   Skills:
 - Level 8.0 Fighting
 * Level 0.3 Short Blades
 - Level 2.2 Throwing
 - Level 6.1 Dodging
 - Level 1.8 Stealth
 - Level 11.6 Unarmed Combat
 + Level 2.5 Spellcasting
 - Level 0.6 Conjurations
 - Level 2.0 Summonings
 - Level 0.5 Alchemy


You had 12 spell levels left.
You knew the following spells:

 Your Spells              Type           Power      Damage    Failure   Level
a - Sting                 Conj/Alch      4%         1d3       34%         1
b - Call Imp              Summ           6%         N/A       30%         2

Your spell library contained the following spells:

 Spells                   Type           Power      Damage    Failure   Level
 Freeze                   Ice            0%         1d3       41%         1
 Mercury Vapours          Alch/Air       2%         N/A       52%         2
 Jinxbite                 Hex            0%         N/A       56%         2
 Sublimation of Blood     Necr           0%         N/A       56%         2
 Dazzling Flash           Conj/Hex       2%         N/A       75%         3
 Hailstorm                Conj/Ice       1%         3d5       75%         3
 Frozen Ramparts          Ice            0%         1d1       80%         3
 Volatile Blastmotes      Fire/Tloc      0%         2d10      80%         3
 Olgreb's Toxic Radiance  Alch           1%         N/A       98%         4
 Leda's Liquefaction      Alch/Erth      0%         N/A       99%         4
 Vhi's Electric Charge    Tloc/Air       0%         N/A       99%         4
 Arcjolt                  Conj/Air       0%         1d10      100%        5
 Lee's Rapid Deconstruct  Erth           0%         3d4*      100%        5
 Yara's Violent Unravell  Hex/Alch       0%         3d3       100%        5
 Bombard                  Conj/Erth      0%         9d1       100%        6
 Plasma Beam              Fire/Air       0%         2x1d10    100%        6
 Starburst                Conj/Fire      0%         6d3       100%        6
 Enfeeble                 Hex            0%         N/A       100%        7
 Summon Hydra             Summ           1%         N/A       100%        7
 Maxwell's Capacitive Co  Air            0%         ∞         100%        8


Dungeon Overview and Level Annotations

Branches:
Dungeon (11/15)            Temple (1/1) D:4            Lair (0/5) D:10
    Orc: D:9-12

Altars:
Ashenzari
Cheibriados
Dithmenos
Elyvilon
Fedhas
Gozag
Hepliaklqana
Kikubaaqudgha
Makhleb
Nemelex Xobeh
Okawaru
Qazlal
Ru
Sif Muna
Trog
Uskayaw
Vehumet
Wu Jian
Xom
Yredelemnul
Zin
The Shining One

Shops:
D:7 *   D:9 *

Annotations:
D:7 2 transporters


Innate Abilities, Weirdness & Mutations

You are too large for most types of armour.
You have claws for hands.
Your natural rate of healing is unusually fast.
You are covered in fur. (AC +1)
You have tough skin. (AC +1)


Message History

The orc priest mumbles some strange prayers to Beogh against you.
Beogh smites you!
The shadow strikes at you from the darkness!
Reactivating autopickup.
Your cerulean imp barely misses the shadow.
The shadow hits you.
The orc warrior unwields a +0 orcbow.
The orc warrior wields a +0 mace of holy wrath.
It softly glows with a divine radiance!
The orc warrior hits your cerulean imp with a +0 mace of holy wrath!
Your cerulean imp convulses.
Your cerulean imp barely misses the orc warrior.
You hit the shadow.
The shadow is severely damaged.
The shadow barely misses you.
The orc warrior hits your cerulean imp with a +0 mace of holy wrath.
Your cerulean imp dies!
Your cerulean imp disappears in a puff of smoke!
You hit the shadow but do no damage.
The shadow is severely damaged.
The shadow slips into darkness.
The shadow flickers and vanishes!
Deactivating autopickup; reactivate with Ctrl-A.
The orc warrior unwields a +0 mace of holy wrath.
It stops glowing.
The orc warrior wields a +0 orcbow.
The orc warrior shoots an arrow.
The arrow hits you.
The orc priest invokes the aid of Beogh against you.
Beogh smites you!
* * * LOW HITPOINT WARNING * * *
You miss something.
The shadow strikes at you from the darkness!
* * * LOW HITPOINT WARNING * * *
Reactivating autopickup.
You puncture the shadow!
You destroy the shadow!
Dithmenos accepts your kill.
The orc warrior unwields a +0 orcbow.
The orc warrior wields a +0 mace of holy wrath.
It softly glows with a divine radiance!
The orc warrior hits you with a +0 mace of holy wrath.
You die...

P.P............P# #.######
..P..P.>.....P..# #.#
.P.P....P.P....P# #.#
......P......P..# #.#
...÷.....P..P...### #.#
.÷..P.P...P...P...# #.###########
#...P.PP..PP...##.###............
##......P.PP..###o..o...########.
##.P.P...P..P...@.##>...# #.
###.P.....P.P######[†...# #. #
#.......P### ##...## #. #
###..P.P.# ##.## ##. # #......#
#.# #.. # #####.## #.# #.. # #.#
##'## #.. # ####.##### ##...##
#.# # #........# ##.....## #.#


You could see an orc warrior and an orc priest.

Vanquished Creatures
  A two-headed ogre (D:10)
  A gargoyle (D:7)
  A tengu conjurer (D:9)
  4 trolls
  A shadow (D:10)
  7 yaks
  2 wyverns
  A wraith (D:9)
  2 vampire mosquitoes (D:7)
  3 steam dragons
  2 acid dragons (D:10)
  7 water moccasins
  An orc warrior (D:10)
  An ice beast (D:6)
  3 black bears
  A sky beast (D:7)
  2 ogres (D:5)
  4 centaurs
  A phantom (D:5)
  A kobold brigand (D:8)
  6 bullfrogs
  3 scorpions
  19 wights
  2 howler monkeys
  4 orc priests
  A bombardier beetle (D:5)
  7 hounds
  2 iguanas
  A sleepcap (D:7)
  Jessica (D:2)
  7 orc wizards
  3 gnolls (D:7)
  11 adders
  2 white imps (D:7)
  A dart slug (D:1)
  5 ribbon worms
  35 orcs
  6 bats
  An endoplasm (D:1)
  A giant cockroach (D:1)
  8 goblins
  11 hobgoblins
  9 jackals
  11 kobolds
  3 quokkas
  7 ball pythons
  2 frilled lizards
  4 rats
219 creatures vanquished.

Vanquished Creatures (collateral kills)
  An endoplasm (D:4)
  A quokka (D:4)
  A kobold (D:8)
3 creatures vanquished.

Grand Total: 222 creatures vanquished

Notes
Turn   | Place    | Note
-------+----------+-------------------------------------------
     0 | D:1      | SmokeWeed the Troll Gladiator began the quest for the Orb.
     0 | D:1      | Reached XP level 1. HP: 19/19 MP: 0/0
   197 | D:1      | Reached XP level 2. HP: 27/27 MP: 1/1
   199 | D:1      | Learned a level 1 spell: Sting
   454 | D:1      | Reached XP level 3. HP: 35/35 MP: 2/2
   663 | D:2      | Noticed Jessica
   675 | D:2      | Killed Jessica
   688 | D:2      | Reached XP level 4. HP: 31/42 MP: 1/3
   850 | D:2      | Reached skill level 4 in Unarmed Combat
  1402 | D:4      | Reached XP level 5. HP: 18/49 MP: 4/4
  1609 | D:4      | Noticed a black bear
  1614 | D:4      | Killed a black bear
  1615 | D:4      | Reached skill level 5 in Unarmed Combat
  1643 | D:4      | Found the +5 robe of Misfortune {Harm *Corrode *Slow EV+5}
  1655 | D:4      | Learned a level 2 spell: Call Imp
  1706 | D:4      | Reached XP level 6. HP: 57/57 MP: 5/5
  2094 | D:4      | Found an opulent altar of Gozag.
  2140 | D:4      | Found a staircase to the Ecumenical Temple.
  2218 | D:4      | Found an ancient bone altar of Kikubaaqudgha.
  2221 | D:4      | Found a burning altar of Makhleb.
  2221 | D:4      | Found a basalt altar of Yredelemnul.
  2232 | D:4      | Found an ornate altar of the Wu Jian Council.
  2235 | D:4      | Found a bloodstained altar of Trog.
  2340 | Temple   | Entered the Ecumenical Temple
  2441 | Temple   | Became a worshipper of Dithmenos the Shadowed
  2573 | D:5      | Entered Level 5 of the Dungeon
  2730 | D:5      | Reached skill level 6 in Unarmed Combat
  2730 | D:5      | Reached XP level 7. HP: 55/66 MP: 5/7
  2848 | D:5      | Reached skill level 1 in Spellcasting
  2942 | D:5      | Reached skill level 1 in Summonings
  3081 | D:5      | Found a glowing golden altar of the Shining One.
  3919 | D:5      | Found a hazy altar of Hepliaklqana.
  3920 | D:5      | Found a shimmering altar of Xom.
  3920 | D:5      | Noticed a red ugly thing
  3921 | D:5      | Noticed a spectral ugly thing
  3921 | D:5      | Noticed a brown ugly thing
  4236 | D:6      | Reached XP level 8. HP: 58/74 MP: 6/9
  4370 | D:6      | Reached skill level 7 in Unarmed Combat
  4443 | D:6      | Reached * piety under Dithmenos
  4444 | D:6      | Reached skill level 1 in Stealth
  4585 | D:6      | Reached skill level 8 in Unarmed Combat
  4945 | D:6      | Identified the +1 robe of Ru {Harm rElec rN++ Dex-2}
  5097 | D:6      | Reached XP level 9. HP: 23/80 MP: 8/11
  5154 | D:7      | Reached skill level 5 in Dodging
  5192 | D:7      | Reached skill level 9 in Unarmed Combat
  5311 | D:7      | Noticed a gargoyle
  5328 | D:7      | Reached ** piety under Dithmenos
  5333 | D:7      | Reached skill level 10 in Unarmed Combat
  5337 | D:7      | Killed a gargoyle
  5486 | D:7      | Found a transporter.
  5486 | D:7      | Found Nerasukk's General Store.
  5517 | D:7      | Found a transporter.
  6055 | D:8      | Reached XP level 10. HP: 90/91 MP: 12/12
  6081 | D:8      | Reached skill level 11 in Unarmed Combat
  6256 | D:8      | Reached *** piety under Dithmenos
  6803 | D:9      | Reached skill level 5 in Fighting
  7142 | D:9      | Found Oddadghu's Assorted Antiques.
  7508 | D:10     | Entered Level 10 of the Dungeon
  7533 | D:10     | Found a staircase to the Lair.
  7704 | D:10     | Reached XP level 11. HP: 104/109 MP: 13/13
  7943 | D:10     | Noticed a two-headed ogre
  7983 | D:10     | Killed a two-headed ogre
  8299 | D:10     | Identified the +6 short sword of Ruination {freeze, *Slow
                  | rElec rF+ Str+4}
  8707 | D:10     | HP: 3/111 [something (19)]
  8708 | D:10     | Slain by an orc warrior

Illustrated notes

Levels and vault maps discovered:
D:1:      evilmike_arrival_home_sweet_home, layout_basic
D:2:      layout_rooms, minivault_14, corexii_corridor_pit, uniq_jessica
D:3:      layout_rooms, serial_forest, infiniplex_forest_end_3,
          infiniplex_forest_pool, infiniplex_forest_corner_1,
          infiniplex_forest_corner_1, infiniplex_forest_clump_long,
          infiniplex_forest_clump_long, infiniplex_forest_straight_3,
          infiniplex_forest_corner_1
D:4:      nicolae_cairo_tiling_large, layout_rooms,
          minmay_overflow_temple_star_hex, grunt_gozag_statues,
          minmay_temple_entry_statues_fountains, minmay_cut_off
D:5:      layout_layer_cave, regret_index_temple_of_mockery,
          nicolae_tso_carved_into_rock
D:6:      layout_basic
D:7:      nzn_winding_woodlands_small [nzn_winding_woodlands_5x15_parted,
          nzn_winding_woodlands_center_triple_pond,
          nzn_winding_woodlands_5x15_zeroes], layout_loops_cross, serial_shops,
          nicolae_shop_drivethru
D:8:      layout_gridville
D:9:      layout_basic, serial_shops, shop, minivault_20
D:10:     layout_loops_corners, due_lair_maze_entry_diamond
D:11:     kennysheep_big_flooded_room, layout_loops_ring,
          kennysheep_windowed_goal
Temple:   nicolae_temple_figure_eight

Skill      XL: |  1  2  3  4  5  6  7  8  9 10 11 |
---------------+----------------------------------+-----
Throwing       | 2 |  2.2
Dodging        | 3 4 5 6 |  6.1
Unarmed Combat | 4 5 6 8 10 11 | 11.6
Fighting       | 2 3 7 8 |  8.0
Spellcasting   | 1 2 |  2.5
Summonings     | 1 2 |  2.0
Stealth        | 1 |  1.8
Short Blades   | |  0.3
Conjurations   | |  0.6
Alchemy        | |  0.5

Action                     |  1- 3 |  4- 6 |  7- 9 | 10-12 || total
---------------------------+-------+-------+-------+-------++-------
  Melee: Unarmed           |    65 |   147 |   192 |   177 ||   581
         Punch             |       |     5 |    11 |    12 ||    28
         Short sword       |       |       |       |    41 ||    41
   Cast: Sting             |     6 |     1 |     2 |     9 ||    18
         Call Imp          |       |     6 |    11 |     5 ||    22
    Use: Scroll            |       |    15 |     3 |     5 ||    23
         Potion            |       |       |       |     2 ||     2
   Stab: Sleeping          |       |     1 |     2 |     2 ||     5
         Distracted        |       |       |     1 |       ||     1
 Armour: Robe              |    34 |    60 |    71 |       ||   165
         Steam dragon scal |       |       |     6 |   158 ||   164
         Acid dragon scale |       |       |       |    15 ||    15
  Dodge: Dodged            |    46 |    97 |   154 |   174 ||   471

Table legend: (Time is in decaauts)
 A = Elapsed time spent in this place.
 B = Non-inter-level travel time spent in this place.
 C = Inter-level travel time spent in this place.
 D = Time resting spent in this place.
 E = Time spent auto-exploring this place.
 F = Levels seen in this place.
 G = Mean time per level.
                   A        B        C        D        E       F      G
               +--------+--------+--------+--------+--------+-----+--------+
         Total |   8611 |   8317 |    294 |    390 |   6211 |  12 |  717.6 |
       Dungeon |   8486 |   8192 |    294 |    390 |   6211 |  11 |  771.5 |
        Temple |    124 |    124 |      0 |      0 |      0 |   1 |  124.0 |
               +--------+--------+--------+--------+--------+-----+--------+

Top non-repeatable levels by time:
     D:5: 1555 daAuts
    D:10: 1170 daAuts
     D:4: 1082 daAuts
     D:6: 994 daAuts
     D:9: 878 daAuts
     D:7: 865 daAuts
     D:1: 652 daAuts
     D:8: 566 daAuts
     D:2: 476 daAuts
     D:3: 229 daAuts
  Temple: 124 daAuts
    D:11: 16 daAuts
